 Dungeon Crawl Stone Soup version 0.20-a0-1006-ge6c5631 (webtiles) character file.

52 Ordine the Changer (level 3, -1/23 HPs)
             Began as an Octopode Transmuter on Apr 13, 2017.
             Slain by a leopard gecko (3 damage)
             ... on level 2 of the Dungeon.
             The game lasted 00:04:41 (2111 turns).

Ordine the Changer (Octopode Transmuter)            Turns: 2111, Time: 00:04:42

Health: -1/23      AC:  1    Str:  9    XL:     3   Next: 85%
Magic:  7/7        EV: 13    Int: 16    God:
Gold:   95         SH:  0    Dex: 12    Spells: 7/8 levels left

rFire    . . .     SeeInvis .     - Unarmed
rCold    . . .     Gourm    .   (no shield)
rNeg     . . .     Faith    .   (helmet restricted)
rPois    .         Spirit   .   (no amulet)
rElec    .         Reflect  .   e - ring of resist corrosion
rCorr    +         Harm     .   (no ring)
MR       .....                  (no ring)
Stlth    ++........             (no ring)
Regen    0.1/turn               (no ring)
MPRegen  0.1/turn               (no ring)
                                (no ring)
                                (no ring)

@: no status effects
A: almost no armour, stealthy swim, amphibious, 8 rings, constrict 8, camouflage
1, gelatinous body 1
a: no special abilities


You were on level 2 of the Dungeon.
You were hungry.

You visited 1 branch of the dungeon, and saw 2 of its levels.

You collected 95 gold pieces.

Inventory:

Jewellery
 e - a ring of resist corrosion (left tentacle)
Scrolls
 f - 2 scrolls of remove curse
 m - a scroll of fog
Potions
 a - a potion of heal wounds {unknown}
 g - a potion of berserk rage {unknown}
 j - 3 potions of magic {unknown}
 k - a potion of curing {unknown}
 l - 2 potions of flight {unknown}
Books
 b - a book of Changes

   Spells                             Type                      Level
   a - Beastly Appendage              Transmutation                1
   b - Sticks to Snakes               Transmutation                2
   c - Spider Form                    Transmutation/Poison         3
   d - Ice Form                       Ice/Transmutation            4
   e - Blade Hands                    Transmutation                5
Comestibles
 c - a bread ration
 d - a fruit
 h - 2 royal jellies


   Skills:
 - Level 1.0 Fighting
 - Level 2.0 Dodging
 - Level 3.0 Unarmed Combat
 * Level 3.0 Spellcasting
 + Level 3.1 Transmutations


You had 7 spell levels left.
You knew the following spells:

 Your Spells              Type           Power        Failure   Level  Hunger
a - Beastly Appendage     Tmut           ##....       8%          1    #......


Dungeon Overview and Level Annotations

Branches:
Dungeon (2/15)

Altars:
Yredelemnul


Innate Abilities, Weirdness & Mutations

You cannot wear most types of armour.
You are very stealthy in the water. (Stealth+)
You are amphibious.
You can wear up to eight rings at the same time.
You can use your tentacles to constrict eight enemies at once.
Your skin changes colour to match your surroundings (Stealth+).
Your rubbery body absorbs attacks. (AC +1, EV +1)


Message History

You constrict the worm. The worm bites you. The leopard gecko bites you.
You tentacle-slap the worm.
The worm is severely wounded.
You constrict the worm.
The leopard gecko hisses menacingly.
The leopard gecko barely misses you.
You tentacle-slap the worm but do no damage.
The worm is severely wounded.
You constrict the worm. The worm bites you!
Ouch! That really hurt!
* * * LOW HITPOINT WARNING * * *
The leopard gecko closely misses you.
You are too injured to fight recklessly!
You release your grip on the worm.
You barely miss the leopard gecko. Your grab misses the leopard gecko.
The leopard gecko bites you but does no damage.
Okay, then.
The leopard gecko misses you. The leopard gecko bites you.
You die...

### ############## ..#
#.........@l.# #[#
#.##########.##
#.#####.##...(......#
........##.#######..#
#.########.# #..# #.#
##.#######..#########.
#)#
#.....................
#.#
#..#######............
#.# #..# #.###########


You could see a leopard gecko.

Vanquished Creatures
  An adder (D:2)
  An ooze (D:2)
  A worm (D:2)
  A leopard gecko (D:2)
  3 giant cockroaches (D:2)
  4 goblins
  8 hobgoblins
  2 bats (D:1)
  2 frilled lizards (D:2)
  9 kobolds
  3 rats
35 creatures vanquished.

Notes
Turn   | Place    | Note
-------+----------+-------------------------------------------
     0 | D:1      | Ordine the Octopode Transmuter began the quest for the Orb.
     0 | D:1      | Reached XP level 1. HP: 13/13 MP: 3/3
   483 | D:1      | Reached XP level 2. HP: 12/18 MP: 5/5
  1403 | D:2      | Reached XP level 3. HP: 23/23 MP: 6/6
  1954 | D:2      | Found a basalt altar of Yredelemnul.
  2111 | D:2      | Slain by a leopard gecko

Vault maps used:
D:1:      lemuel_arrival_room
D:2:      marbit_many_paths

Skill      XL: |  1  2  3 |
---------------+----------+-----
Transmutations | 3 |  3.1
Spellcasting   | 3 |  3.0
Fighting       | |  1.0
Dodging        | |  2.0
Unarmed Combat | |  3.0

Action                   || total
-------------------------++-------
Melee: Unarmed           ||    84
       Constrict         ||    24
       Tentacles         ||    17
       Punch             ||     2
  Use: Scroll            ||     6
 Stab: Sleeping          ||     7
       Distracted        ||     1
  Eat: Chunk             ||     3
Armor: Skin              ||     4
Dodge: Dodged            ||    43
